cohdb
Replays
Latest Replays
All Replays
Popular Replays
Top Player Replays
Match Explorer
How It Works
Community
CoH3 Stats
Reddit
Sign in to upload your games and track your stats! →
Sign in with Steam
Match 40930834
Unlisted
Match 40930834
Overview
Messages
Build Orders
End
Kettenkrad Recon Vehicle
Construct Infanterie Kompanie
MG 42 Machine Gun Team
MG 42 Machine Gun Team
Grenadier Squad
Grenadier Squad
Construct Luftwaffe Kompanie
Construct Panzergrenadier Kompanie
221 Scout Car
Jäger Squad
Jäger Squad
Support Elements
Selects Terror Battlegroup
Selects Interrogate
Selects Propaganda Leaflet Drop
Nebelwerfer 42 Rocket Launcher Team
[-IHT-] Swipe_Left_For_Me
default
odiervr
Bran
DrewP
Dillbro
0
0
Comments
sign in to comment!
No comments posted yet!